 Dungeon Crawl Stone Soup version 0.29.0-5-ge4962eb29e (webtiles) character file.

Game seed: 1195167038057412624

12 Godmorgon the Trooper (level 2, -9/25 HPs)
             Began as a Palentonga Fighter on Aug 29, 2022.
             Mangled by a goblin
             ... wielding a +2 dagger of electrocution
              (16 damage)
             ... on level 1 of the Dungeon.
             The game lasted 00:00:33 (547 turns).

Godmorgon the Trooper (Palentonga Fighter)           Turns: 547, Time: 00:00:34

Health: -9/25      AC:  6    Str: 21    XL:     2   Next: 20%
Magic:  2/2        EV:  7    Int:  8    God:
Gold:   0          SH:  4    Dex:  9    Spells: 1/1 levels left

rFire   . . .      SeeInvis +   a - +0 war axe
rCold   . . .      Faith    .   c - +0 buckler
rNeg    . . .      Spirit   .   b - +0 scale mail
rPois   .          Reflect  .   (no helmet)
rElec   .          Harm     .   (no cloak)
rCorr   .          Rampage  .   (no gloves)
Will    .....                   (no barding)
Stlth   ..........              (no amulet)
HPRegen 0.08/turn               (no ring)
MPRegen 0.08/turn               (no ring)

@: no status effects
A: large, rugged brown scales 3, see invisible, deformed body, roll 1, armoured
tail
a: Rolling Charge


You were on level 1 of the Dungeon.
You visited 1 branch of the dungeon, and saw 1 of its levels.

Inventory:

Hand Weapons
 a - a +0 war axe (weapon)
Armour
 b - a +0 scale mail (worn)
 c - a +0 buckler (worn)
Scrolls
 e - a scroll of noise {unknown}
 f - 2 scrolls of identify {unknown}
 g - a scroll of immolation {unknown}
 h - a scroll of magic mapping {unknown}
 j - a scroll of summoning {unknown}
Potions
 d - 2 potions of might
 i - a potion of flight {unknown}


   Skills:
 + Level 3.2 Fighting
 * Level 2.6 Axes
 - Level 2.4 Armour
 - Level 2.6 Shields


You had one spell level left.
You didn't know any spells.
Your spell library was empty.

Dungeon Overview and Level Annotations

Branches:
Dungeon (1/15)

Altars:


Innate Abilities, Weirdness & Mutations

You are completely covered in rugged brown scales. (AC +3, +7% HP)
You have supernaturally acute eyesight. (SInv)
Armour fits poorly on your strangely shaped body.
You can roll at nearby foes to attack.
You have a long armoured tail.


Message History

The goblin shouts!
An endoplasm comes into view.
The endoplasm quivers.
Roll where?
Press: ? - help, Q - select action Dir - move target, f - goblin
Aim: a goblin, wielding a +0 dagger You roll forward with a clatter of scales!
Found a potion of might.
You completely miss the goblin. You tail-slap the goblin.
You kill the goblin!
You hit the endoplasm.
The endoplasm is almost dead.
The endoplasm barely misses you.
You barely miss the endoplasm.
The endoplasm is almost dead.
The endoplasm freezes you.
You are frozen.
The endoplasm hits you but does no damage.
You slash the endoplasm!
You kill the endoplasm!
You see here a +0 dagger.
f - 2 scrolls labelled GANEAF ZIUSOT (gained 1)
You see here a +0 dagger.
Found a robe.
d - 2 potions of might (gained 1)
You see here a +0 robe.
j - a scroll labelled BYOPTA MATODDIH A frilled lizard and a goblin come into view.
The goblin is wielding a +2 dagger of electrocution.
The frilled lizard hisses angrily.
You barely miss the goblin. The goblin hits you but does no damage.
You are electrocuted!
Ouch! That really hurt!
The goblin hits you with a +2 dagger of electrocution.
You hit the goblin but do no damage.
The goblin hits you with a +2 dagger of electrocution.
* * * LOW HITPOINT WARNING * * *
You are electrocuted!
Ouch! That really hurt!
You die...

.#####..#
.....#
.........
.....
.#####..#
.... #...#
#l.. #..##
#... #..
#... #..
###.g#######
#..
#....@.....#
...
#.#..#####.#
#.... .. #.#
#.#.. #. #.#
# ...##.##.#
#### ....
...#.# #...
#.... #..#.#
#.##
#.#####..#.#
#.#
........#.#
#.#


You could see a goblin and a frilled lizard.

Vanquished Creatures
  A bat (D:1)
  2 endoplasms (D:1)
  A goblin (D:1)
  A hobgoblin (D:1)
  3 jackals (D:1)
  2 kobolds (D:1)
10 creatures vanquished.

Notes
Turn   | Place    | Note
-------+----------+-------------------------------------------
     0 | D:1      | Godmorgon the Palentonga Fighter began the quest for the
                  | Orb.
     0 | D:1      | Reached XP level 1. HP: 19/19 MP: 1/1
   101 | D:1      | Reached XP level 2. HP: 9/25 MP: 2/2
   547 | D:1      | Mangled by a goblin

Illustrated notes

Levels and vault maps discovered:
D:1:      dpeg_arrival_pond, layout_loops_ring, minmay_misc_feat_chi

Action                   || total
-------------------------++-------
Melee: War axe           ||    19
       Tailslap          ||     2
 Abil: Rolling Charge    ||     3
Armor: Scale mail        ||     6
Dodge: Dodged            ||     6
Block: Buckler           ||     6
